General information
- name: BNet
- type: Ladder 1vs1/FFA
- host: Battle.net
- saver: Ghocher
map: TerenasStand
- players: 2
- length: 25:28
- speed: Fast
- version: 1.24 W3XP
- replay type: Public
» download(90 KB)
Players
team 1 (winner)
Metalshield. (
yellow | 140 APM | 3572 actions | 25:28)
4 Death Knight
2 Death Coil
2 Unholy Aura
2 Lich
1 Frost Nova
1 Dark Ritual
1 Pit Lord
1 Howl of Terror
» actions
| Assign group hotkey | 69 | |
| Basic commands | 532 | |
| Build / train | 99 | |
| ESC pressed | 1 | |
| Enter build submenu | 21 | |
| Enter hero's abilities submenu | 7 | |
| Give item / drop item | 5 | |
| Remove unit from queue | 1 | |
| Right click | 1381 | |
| Select / deselect | 670 | |
| Select group hotkey | 634 | |
| Use ability | 151 | |
3572 total
» units
| Acolyte | 5 | |
| Ghoul | 1 | |
| Crypt Fiend | 15 | |
| Goblin Zeppelin | 1 | |
| Obsidian Statue | 5 | |
| Goblin Shredder | 1 | |
| Goblin Sapper | 3 | |
| Frost Wyrm | 6 | |
37 total
» upgrades
| Destroyer Form | 1 | |
| Creature Carapace | 3 | |
| Freezing Breath | 1 | |
| Web | 1 | |
6 total
» buildings
| Graveyard | 1 | |
| Crypt | 1 | |
| Altar of Darkness | 2 | |
| Ziggurat | 8 | |
| Tomb of Relics | 1 | |
| Nerubian Tower | 4 | |
| Halls of the Dead | 1 | |
| Black Citadel | 2 | |
| Slaughterhouse | 1 | |
| Sacrificial Pit | 1 | |
| Spirit Tower | 1 | |
| Boneyard | 1 | |
24 total
» build order
00:11 Graveyard
00:19 Crypt
00:44 Altar of Darkness
00:46 Altar of Darkness
01:04 Ziggurat
01:35 Tomb of Relics
01:53 Ziggurat
02:14 Nerubian Tower
02:14 Nerubian Tower
04:24 Halls of the Dead
04:37 Ziggurat
07:35 Black Citadel
08:50 Slaughterhouse
09:29 Sacrificial Pit
10:31 Ziggurat
11:45 Spirit Tower
15:23 Ziggurat
15:42 Ziggurat
15:56 Boneyard
17:32 Ziggurat
18:26 Ziggurat
» items
| Rod of Necromancy | 1 | |
| Dust of Appearance | 1 | |
| Scroll of Town Portal | 2 | |
| Potion of Lesser Invulnerability | 1 | |
| Orb of Corruption | 1 | |
| Potion of Healing | 1 | |
| Scroll of Healing | 1 | |
8 total
team 2 (loser)
Ghocher (
purple | 62 APM | 1571 actions | 25:28)
4 Far Seer
2 Feral Spirit
2 Chain Lighting
3 Tauren Chieftain
2 Shockwave
1 Endurance Aura
» actions
| Assign group hotkey | 43 | |
| Basic commands | 119 | |
| Build / train | 89 | |
| ESC pressed | 2 | |
| Enter build submenu | 22 | |
| Enter hero's abilities submenu | 8 | |
| Give item / drop item | 3 | |
| Remove unit from queue | 2 | |
| Right click | 332 | |
| Select / deselect | 342 | |
| Select group hotkey | 473 | |
| Use ability | 136 | |
1571 total
» units
| Peon | 16 | |
| Grunt | 7 | |
| Spirit Walker | 3 | |
| Raider | 5 | |
| Forest Troll Shadow Priest | 1 | |
| Mud Golem | 1 | |
| Kodo Beast | 1 | |
| Troll Witch Doctor | 2 | |
| Troll Batrider | 13 | |
| Demolisher | 1 | |
50 total
» upgrades
| Berserker Strength | 1 | |
| Ensnare | 1 | |
| Armor | 2 | |
| Spirit Walker Training | 1 | |
| Witch Doctor Training | 1 | |
| Pillage | 1 | |
| Ranged Weapons | 2 | |
| War Drums Damage Increase | 1 | |
| Liquid Fire | 1 | |
| Reinforced Defenses | 1 | |
| Shaman Training | 2 | |
| Burning Oil | 1 | |
15 total
» buildings
| Altar of Storms | 1 | |
| Orc Burrow | 7 | |
| Barracks | 2 | |
| Voodoo Lounge | 1 | |
| Stronghold | 1 | |
| War Mill | 1 | |
| Beastiary | 1 | |
| Spirit Lodge | 1 | |
| Great Hall | 2 | |
| Fortress | 1 | |
| Watch Tower | 2 | |
20 total
» build order
00:03 Altar of Storms
00:14 Orc Burrow
00:38 Barracks
01:26 Orc Burrow
01:54 Voodoo Lounge
02:45 Stronghold
03:27 Orc Burrow
04:00 War Mill
05:10 Beastiary
05:17 Spirit Lodge
08:11 Orc Burrow
09:37 Orc Burrow
10:04 Great Hall
10:42 Orc Burrow
13:47 Fortress
15:17 Orc Burrow
17:21 Great Hall
17:25 Watch Tower
17:27 Watch Tower
19:19 Barracks
» items
| Healing Salve | 4 | |
| Lesser Clarity Potion | 2 | |
| Scroll of Speed | 2 | |
| Scroll of Town Portal | 2 | |
| Orb of Lightning | 1 | |
11 total
Chat log
(00:05 / All) Ghocher: gl
(00:12 / All) Metalshield.: u2
(17:08 / All) Ghocher: horse shit